[Event "Titled Tuesday Blitz January 17 Early 2023"]
[White "Lagno, Kateryna"]
[Black "Santos Flores, Alberto"]
[WhiteFideId "14109336"]
[BlackFideId "3601234"]
[WhiteElo "2558"]
[BlackElo "2164"]
[Result "1/2-1/2"]
[Round "05"]
[TimeControl "180+2"]
[Date "2023.01.17"]
[WhiteClock "0:00:14"]
[BlackClock "0:00:04"]

1. e4 e6 2. d4 d5 3. e5 c5 4. c3 Qb6 5. Nf3 Nc6 6. a3 a5 7. Bd3 Bd7 8. Bc2 a4 9. O-O Nh6 10. Re1 Nf5 11. Bxa4 Nxe5 12. Nxe5 Bxa4 13. Qf3 cxd4 14. cxd4 Be7 15. Nc3 Bc6 16. Nxf7 O-O 17. Ng5 Nxd4 18. Qd3 Bxg5 19. Bxg5 Nb3 20. Rad1 Qxf2+ 21. Kh1 Nc5 22. Qd4 Qxd4 23. Rxd4 Rf2 24. b4 Rxa3 25. Nb1 Raa2 26. bxc5 Rxg2 27. Bf4 g5 28. Be5 Rac2 29. Na3 Ra2 30. Bg3 Rgb2 31. Re3 Ra1+ 32. Be1 Rba2 33. Rxe6 Rxa3 34. Re5 R3a2 35. Rxg5+ Kf7 36. Rg1 Re2 37. Bg3 Rxg1+ 38. Kxg1 Re4 39. Rxe4 dxe4 40. Kf2 Ke6 41. Ke3 Kd5 42. Bd6 Kc4 43. Bf8 Kd5 44. Be7 Ke6 45. Bf8 Kf7 46. Bd6 Ke6 47. Bf8 Kd7 48. Kd4 h5 49. Ke3 Ke6 50. Kd4 Kf7 51. Bd6 Ke6 52. Bf8 Kd7 53. Ke3 Ke8 54. Bd6 Kd8 55. h4 Kd7 56. Bf8 Ke6 57. Kd4 Kf5 58. Ke3 Kg4 59. Be7 Kf5 60. Bd8 Ke6 61. Kd4 Kd7 62. Bg5 Ke6 63. Ke3 Kd5 64. Be7 Kc4 65. Bf8 Kd5 66. Be7 Ke6 67. Bg5 Kd5 68. Be7 1/2-1/2


[Site "https://www.chess.com"]

[Event "Titled Tuesday Blitz January 17 Early 2023"]
[White "Kuznetsov, Mikhail"]
[Black "Tanenbaum, Zachary"]
[WhiteFideId "4117190"]
[BlackFideId "2060850"]
[WhiteElo "2050"]
[BlackElo "2261"]
[Result "1-0"]
[Round "05"]
[TimeControl "180+2"]
[Date "2023.01.17"]
[WhiteClock "0:00:04"]
[BlackClock "0:00:02"]

1. Nf3 d5 2. g3 Nf6 3. Bg2 c6 4. O-O Bf5 5. d4 Nbd7 6. c4 e6 7. Nc3 Be7 8. Nd2 O-O 9. e4 dxe4 10. Ndxe4 Nxe4 11. Nxe4 Nf6 12. Nc3 h6 13. Be3 Qc7 14. Rc1 Rad8 15. Qa4 a6 16. d5 exd5 17. cxd5 c5 18. Rfd1 Bd6 19. a3 Ng4 20. Bd2 c4 21. Ne2 Bd3 22. Nf4 Bxf4 23. Bxf4 Qb6 24. Rd2 Nf6 25. d6 Rfe8 26. b3 g5 27. bxc4 Be4 28. Be3 Qc6 29. Qxc6 bxc6 30. c5 Bxg2 31. Kxg2 Nd5 32. Bd4 Re4 33. f3 Re6 34. Kf2 Rde8 35. Rb1 f5 36. Rb7 f4 37. gxf4 Nxf4 38. Rc7 Re2+ 39. Rxe2 Rxe2+ 40. Kf1 Rd2 41. Bf6 Rd1+ 42. Kf2 Rd2+ 43. Ke1 Re2+ 44. Kf1 Rd2 45. d7 Ne6 46. Rc8+ Kf7 47. d8=Q Nxd8 48. Rxd8 Rxh2 49. Be5 Ra2 50. Rd6 Rxa3 51. Kg2 Ra2+ 52. Kg3 h5 53. Rxc6 h4+ 54. Kg4 Rg2+ 55. Kh3 Rf2 56. f4 gxf4 57. Kxh4 f3 58. Kg3 Rf1 59. Rf6+ Ke7 60. Rxf3 Re1 61. Bd6+ Kd7 62. Kf2 Rd1 63. Ke2 Rd5 64. Rd3 Rh5 65. Kd2 Kc6 66. Kc3 a5 67. Rf3 a4 68. Kc4 Rh4+ 69. Kc3 a3 70. Kb3 a2 71. Kxa2 Kb5 72. Rb3+ Ka4 73. Rb2 Rh3 74. c6 Rc3 75. c7 Rc6 76. Rb8 Rc2+ 77. Kb1 Rc6 78. c8=Q Rb6+ 79. Rxb6 Ka5 80. Qa6# 1-0


[Site "https://www.chess.com"]

[Event "Titled Tuesday Blitz January 17 Early 2023"]
[White "Hambleton, Aman"]
[Black "Mayank Chakraborty"]
[WhiteFideId "2606577"]
[BlackFideId "25659766"]
[WhiteElo "2420"]
[BlackElo "2025"]
[Result "1-0"]
[Round "05"]
[TimeControl "180+2"]
[Date "2023.01.17"]
[WhiteClock "0:00:06"]
[BlackClock "0:00:08"]

1. d4 Nf6 2. c4 e6 3. Nc3 Bb4 4. Qc2 O-O 5. Nf3 b6 6. e4 Bb7 7. Bd3 d5 8. e5 Ne4 9. O-O Bxc3 10. bxc3 c5 11. cxd5 exd5 12. Nd2 f5 13. exf6 Nxf6 14. Nf3 Ba6 15. dxc5 Bxd3 16. Qxd3 bxc5 17. Bg5 Nbd7 18. Rfe1 Re8 19. Rxe8+ Qxe8 20. Re1 Qg6 21. Qa6 Re8 22. Rf1 Ne4 23. Qb7 Nxg5 24. Qxd5+ Qf7 25. Qxg5 Qxa2 26. h4 Qf7 27. Rd1 h6 28. Qg4 Nf6 29. Qf5 Ne4 30. Qxf7+ Kxf7 31. Rd7+ Re7 32. Rd8 Nxc3 33. Rc8 Ne2+ 34. Kf1 Nf4 35. Rxc5 Ne6 36. Ra5 Rb7 37. g3 Kg8 38. Ne5 Rb1+ 39. Kg2 Rb7 40. Nc6 Nc7 41. Nxa7 Ne6 42. Nc6 Kh7 43. h5 Rb2 44. Ne5 Ng5 45. Ra8 Ne4 46. Ng6 Rxf2+ 47. Kg1 Rf1+ 48. Kxf1 Nxg3+ 49. Kg2 Nxh5 50. Nf8+ Kg8 51. Nd7+ Kf7 52. Kf3 g5 53. Ra7 Ke6 54. Nf8+ Kf5 55. Ra5+ Kf6 56. Ra6+ Kf5 57. Ra5+ Kf6 58. Nd7+ Ke6 59. Nc5+ Kf6 60. Ne4+ Kg6 61. Ra6+ Kg7 62. Ng3 Nf4 63. Nf5+ Kf7 64. Nxh6+ Kg7 65. Nf5+ Kf7 66. Kg4 Nd3 67. Kxg5 Ne5 68. Rf6+ Kg8 69. Ne7+ Kg7 70. Nf5+ Kg8 71. Re6 Nf7+ 72. Kf6 Kf8 73. Ra6 Ke8 74. Ra8+ Nd8 75. Ng7+ Kd7 76. Ra7+ Kd6 77. Ra6+ Kc5 78. Ra1 Nc6 79. Ne6+ Kd6 80. Rd1+ Nd4 81. Rxd4+ Kc6 82. Ng5 Kb5 83. Ke5 Kc5 84. Ke4 Kb5 85. Kd5 Ka6 86. Kc6 Ka5 87. Re4 Ka6 88. Ra4# 1-0


[Site "https://www.chess.com"]

[Event "Titled Tuesday Blitz January 17 Early 2023"]
[White "Boyer, Mahel"]
[Black "Hajiyev, Kanan"]
[WhiteFideId "45102422"]
[BlackFideId "13404148"]
[WhiteElo "2489"]
[BlackElo "2197"]
[Result "1-0"]
[Round "05"]
[TimeControl "180+2"]
[Date "2023.01.17"]
[WhiteClock "0:00:06"]
[BlackClock "0:01:37"]

1. g3 c6 2. Bg2 d5 3. Nf3 Nf6 4. O-O g6 5. d3 Bg7 6. Nbd2 O-O 7. e4 Bg4 8. h3 Bxf3 9. Qxf3 e6 10. Qe2 c5 11. Nf3 Nc6 12. c3 dxe4 13. dxe4 Qe7 14. Bf4 e5 15. Bc1 Rfd8 16. a4 b6 17. Nd2 Na5 18. Nc4 Nb3 19. Rb1 Nxc1 20. Rbxc1 Ne8 21. Rfd1 Nc7 22. Ne3 Bh6 23. a5 Bxe3 24. Qxe3 Ne6 25. Bf1 Rxd1 26. Rxd1 Rd8 27. Rxd8+ Qxd8 28. Bc4 Nc7 29. axb6 axb6 30. b4 b5 31. Bd5 Nxd5 32. Qd2 cxb4 33. cxb4 Qd6 34. exd5 f5 35. Qd3 Qd7 36. d6 Kf7 37. Qd5+ Kf6 38. f4 exf4 39. gxf4 h6 40. Qe5+ Kf7 41. Kf1 g5 42. Qd5+ Qe6 43. Qd4 Ke8 44. Qh8+ Kd7 45. fxg5 hxg5 46. Qg7+ Kxd6 47. Qxg5 Qe4 48. Qf6+ Kd5 49. Qf8 Qf3+ 50. Ke1 Qe3+ 51. Kd1 Qd3+ 52. Kc1 Qc3+ 53. Kd1 Qd3+ 54. Kc1 Ke5 55. Qe7+ Kf4 56. h4 Kg4 57. Qg5+ Kf3 58. h5 f4 59. h6 Qc3+ 60. Kd1 Ke3 61. Qe7+ Kf2 62. h7 Qb3+ 63. Kc1 Qc3+ 64. Kb1 Qb3+ 65. Ka1 Qa3+ 66. Kb1 Qb3+ 67. Kc1 Qc3+ 68. Kd1 Qd3+ 69. Kc1 Qe3+ 70. Qxe3+ fxe3 71. h8=Q e2 72. Qd4+ Kf1 73. Qf4+ Kg2 74. Kd2 e1=Q+ 75. Kxe1 1-0


[Site "https://www.chess.com"]

[Event "Titled Tuesday Blitz January 17 Early 2023"]
[White "Dourerassou, Jonathan"]
[Black "Vagman, Roy"]
[WhiteFideId "628050"]
[BlackFideId "2828995"]
[WhiteElo "2414"]
[BlackElo "2273"]
[Result "1-0"]
[Round "05"]
[TimeControl "180+2"]
[Date "2023.01.17"]
[WhiteClock "0:00:52"]
[BlackClock "0:00:02"]

1. d4 Nf6 2. Bg5 d5 3. Bxf6 exf6 4. e3 c5 5. c3 Nc6 6. Nd2 cxd4 7. exd4 Bd6 8. Bd3 Qe7+ 9. Ne2 O-O 10. O-O Bg4 11. f3 Qe3+ 12. Rf2 Qxd3 13. fxg4 Qe3 14. Nf1 Qg5 15. Neg3 Rae8 16. Rf5 Qg6 17. Rxd5 Bb8 18. Nf5 Re4 19. h3 Kh8 20. Qf3 Rfe8 21. Rd1 Rf4 22. Qd3 Rfe4 23. b4 a6 24. a4 h6 25. b5 axb5 26. axb5 Na5 27. Rd7 b6 28. Nd2 Re1+ 29. Rxe1 Rxe1+ 30. Kf2 Re8 31. Nf3 h5 32. gxh5 Qxh5 33. Re7 Rxe7 34. Nxe7 g6 35. Qe2 Kg7 36. Nc6 Nxc6 37. bxc6 Qd5 38. Qe8 Bd6 39. Qd7 Qa2+ 40. Ke3 Bg3 41. c7 Qf2+ 42. Kd3 Qf1+ 43. Kc2 Qxg2+ 44. Nd2 Bxc7 45. Qxc7 Qxh3 46. Qxb6 Qf5+ 47. Kb3 g5 48. Qd6 Qd3 49. Qh2 g4 50. Qf4 Kg6 51. Ne4 Qb1+ 52. Kc4 f5 53. Qg5+ Kh7 54. Nf6+ Kh8 55. Qh6# 1-0


[Site "https://www.chess.com"]

[Event "Titled Tuesday Blitz January 17 Early 2023"]
[White "Agasarov, Benik"]
[Black "Tomaszewski, Kacper"]
[WhiteFideId "13314823"]
[BlackFideId "1127373"]
[WhiteElo "2235"]
[BlackElo "2313"]
[Result "1-0"]
[Round "05"]
[TimeControl "180+2"]
[Date "2023.01.17"]
[WhiteClock "0:00:58"]
[BlackClock "0:00:42"]

1. d4 d5 2. c4 e6 3. Nc3 Nf6 4. cxd5 Nxd5 5. Nf3 c5 6. e3 Nxc3 7. bxc3 Qc7 8. Bd2 Nd7 9. Bd3 Be7 10. O-O O-O 11. e4 b6 12. d5 Bd6 13. c4 Ba6 14. h3 Rae8 15. Qa4 Qb7 16. Bc3 exd5 17. exd5 Ne5 18. Nxe5 Bxe5 19. Rae1 b5 20. cxb5 Bxc3 21. bxa6 Qb8 22. Bxh7+ Kxh7 23. Qc2+ Kg8 24. Qxc3 Qd6 25. Qc4 Rb8 26. Rb1 Rfd8 27. Rxb8 Rxb8 28. Rc1 Rb6 29. Qxc5 Rxa6 30. Qc8+ Kh7 31. Qf5+ Qg6 32. Qxg6+ Kxg6 33. Rc6+ 1-0


[Site "https://www.chess.com"]

[Event "Titled Tuesday Blitz January 17 Early 2023"]
[White "Ozates, Tuna"]
[Black "Djokic, Mihailo"]
[WhiteFideId "6354521"]
[BlackFideId "976440"]
[WhiteElo "2251"]
[BlackElo "2192"]
[Result "1-0"]
[Round "05"]
[TimeControl "180+2"]
[Date "2023.01.17"]
[WhiteClock "0:00:11"]
[BlackClock "0:02:03"]

1. e4 c5 2. Nf3 d6 3. Bb5+ Bd7 4. Bxd7+ Qxd7 5. O-O Nc6 6. Qe2 Nf6 7. Rd1 e6 8. d4 cxd4 9. Nxd4 Be7 10. c4 O-O 11. Nc3 Nxd4 12. Rxd4 Qc6 13. b3 Rfd8 14. Bb2 Nd7 15. Rad1 a6 16. R4d3 Ne5 17. Rg3 Ng6 18. Qg4 Bf6 19. Qe2 b5 20. cxb5 axb5 21. a4 b4 22. Nb5 Bxb2 23. Qxb2 Qxe4 24. Re3 Qg4 25. Rd4 Qh5 26. Qe2 Qxe2 27. Rxe2 d5 28. Rxb4 Rdb8 29. g3 Ne7 30. Rd4 Nc6 31. Rd1 Na5 32. Rb2 Rb6 33. Rc1 h5 34. Rc7 Rc6 35. Rxc6 Nxc6 36. Rc2 Na5 37. Rb2 Rc8 38. b4 Nc4 39. Rc2 Ra8 40. a5 Rb8 41. a6 Rxb5 42. Rxc4 Rb8 43. a7 Ra8 44. Rc7 Rxa7 45. Rxa7 1-0


[Site "https://www.chess.com"]

[Event "Titled Tuesday Blitz January 17 Early 2023"]
[White "Sadubayev, Airat"]
[Black "Bozorov, Makhsum"]
[WhiteFideId "13713264"]
[BlackFideId "14201330"]
[WhiteElo "2320"]
[BlackElo "2145"]
[Result "1-0"]
[Round "05"]
[TimeControl "180+2"]
[Date "2023.01.17"]
[WhiteClock "0:02:09"]
[BlackClock "0:02:19"]

1. d4 Nf6 2. c4 g6 3. Nc3 d5 4. cxd5 Nxd5 5. e4 Nxc3 6. bxc3 Bg7 7. Nf3 c5 8. Be2 Nc6 9. Be3 Bg4 10. d5 Bxf3 11. gxf3 Bxc3+ 12. Kf1 Nd4 13. Rc1 1-0


[Site "https://www.chess.com"]

[Event "Titled Tuesday Blitz January 17 Early 2023"]
[White "Lewtak, Damian"]
[Black "Nguyen Hong Nhung"]
[WhiteFideId "1141724"]
[BlackFideId "12412201"]
[WhiteElo "2381"]
[BlackElo "2003"]
[Result "0-1"]
[Round "05"]
[TimeControl "180+2"]
[Date "2023.01.17"]
[WhiteClock "0:00:34"]
[BlackClock "0:00:25"]

1. e4 c5 2. Nf3 e6 3. d3 Nc6 4. Nbd2 d5 5. g3 Nf6 6. Bg2 Be7 7. O-O O-O 8. Qe2 b5 9. h4 c4 10. e5 Nd7 11. d4 b4 12. c3 a5 13. h5 Re8 14. Nh2 Qb6 15. h6 g6 16. Ndf3 a4 17. a3 bxc3 18. bxc3 Na5 19. Bg5 Bf8 20. Qe3 Nb3 21. Ra2 Qa5 22. Ng4 Rb8 23. Re1 Qb5 24. Qf4 Na5 25. Nf6+ Nxf6 26. Bxf6 Qb3 27. Qd2 Bxa3 28. Rxa3 Qxa3 29. Qf4 Nc6 30. Ng5 Ne7 31. Bxe7 Qxe7 32. Ra1 a3 33. Nf3 Rb2 34. Qc1 Bd7 35. Nh2 Reb8 36. Ng4 a2 37. Nf6+ Qxf6 38. exf6 Rb1 39. Qxb1 axb1=Q+ 0-1


[Site "https://www.chess.com"]

[Event "Titled Tuesday Blitz January 17 Early 2023"]
[White "Tymrakiewicz, Rafal"]
[Black "Liyanage, Ranindu Dilshan"]
[WhiteFideId "1108832"]
[BlackFideId "9915834"]
[WhiteElo "2144"]
[BlackElo "2342"]
[Result "0-1"]
[Round "05"]
[TimeControl "180+2"]
[Date "2023.01.17"]
[WhiteClock "0:01:57"]
[BlackClock "0:02:15"]

1. d4 Nf6 2. Bg5 d5 3. e3 e6 4. Nd2 b6 5. Bd3 Bb7 6. Bxf6 Qxf6 7. f4 g5 8. g3 gxf4 9. gxf4 Qh4+ 10. Kf1 c5 11. c3 Nc6 12. Ndf3 Qh6 13. Qa4 a6 14. Ne5 b5 15. Bxb5 axb5 16. Qxb5 Ba6 0-1


[Site "https://www.chess.com"]

[Event "Titled Tuesday Blitz January 17 Early 2023"]
[White "Subelj, Jan"]
[Black "Begunov, Konstantin"]
[WhiteFideId "14618583"]
[BlackFideId "4118510"]
[WhiteElo "2513"]
[BlackElo "2325"]
[Result "1-0"]
[Round "05"]
[TimeControl "180+2"]
[Date "2023.01.17"]
[WhiteClock "0:00:11"]
[BlackClock "0:00:01"]

1. b3 d5 2. Bb2 Bg4 3. Nf3 Bxf3 4. gxf3 e6 5. d3 Nf6 6. f4 g6 7. h4 Bg7 8. e3 Nbd7 9. Nd2 a5 10. a3 O-O 11. Be2 h5 12. c4 c6 13. Qc2 Qe7 14. Nf3 Ng4 15. Bxg7 Kxg7 16. Qb2+ Qf6 17. Qxf6+ Kxf6 18. Ng5 Rh8 19. Rg1 Nh6 20. Kd2 Nf5 21. Rh1 e5 22. cxd5 cxd5 23. fxe5+ Nxe5 24. d4 Ng4 25. Nh3 Nxh4 26. Nf4 Nf5 27. Nxd5+ Kg7 28. Raf1 Rad8 29. Nc3 Rhe8 30. Rhg1 Nf6 31. Bf3 b6 32. Kc2 h4 33. Kb2 Rh8 34. Rh1 g5 35. Rfg1 Nh7 36. Be4 Kf6 37. Nd5+ Ke6 38. Nc7+ Kf6 39. Nd5+ Ke6 40. Nxb6 Rdg8 41. Na4 Nd6 42. Nc5+ Ke7 43. Bd3 f5 44. f3 Nf6 45. e4 fxe4 46. fxe4 Nh5 47. e5 Ne8 48. Bc4 Rg6 49. d5 Nf4 50. d6+ Nxd6 51. exd6+ Kxd6 52. Ne4+ Ke5 53. Nxg5 Rhg8 54. Bxg8 1-0


[Site "https://www.chess.com"]

[Event "Titled Tuesday Blitz January 17 Early 2023"]
[White "Atakhan, Abtin"]
[Black "Kukula, Pawel"]
[WhiteFideId "22502203"]
[BlackFideId "1115081"]
[WhiteElo "2422"]
[BlackElo "2135"]
[Result "1/2-1/2"]
[Round "05"]
[TimeControl "180+2"]
[Date "2023.01.17"]
[WhiteClock "0:00:05"]
[BlackClock "0:00:05"]

1. c4 Nf6 2. Nf3 g6 3. g3 Bg7 4. Bg2 O-O 5. O-O d6 6. Nc3 Nc6 7. d4 Bg4 8. h3 Bxf3 9. Bxf3 Nd7 10. e3 e5 11. d5 Ne7 12. Bg2 f5 13. Qc2 e4 14. Ne2 Nc5 15. Nd4 a5 16. Bd2 c6 17. dxc6 Nxc6 18. Bc3 Nxd4 19. exd4 Ne6 20. Rad1 Qb6 21. Qd2 Rfc8 22. b3 a4 23. Qb2 axb3 24. axb3 Qc7 25. Rfe1 b5 26. Bf1 Rab8 27. Qd2 b4 28. Bb2 Qb6 29. f3 Rf8 30. fxe4 f4 31. g4 Ra8 32. Qf2 Ra2 33. Re2 f3 34. Rc2 Rxb2 35. Rxb2 Bxd4 36. Rxd4 Qxd4 37. Rd2 Qxf2+ 38. Kxf2 Rd8 39. Kxf3 Nc5 40. Rb2 Rf8+ 41. Kg2 Nxe4 42. Bd3 Nc5 43. Be2 Ra8 44. Bf3 Ra3 45. Bd5+ Kg7 46. Rf2 Ra7 47. Rf3 Re7 48. g5 h6 49. h4 hxg5 50. hxg5 Re5 51. Rf7+ Kh8 52. Rf8+ Kg7 53. Rf7+ Kg8 54. Rd7+ Kf8 55. Rxd6 Rxg5+ 56. Kf3 Nxb3 57. Rb6 Rf5+ 58. Kg4 Nd4 59. Rxb4 Ke7 60. Rb7+ Kd6 61. Rb6+ Kc5 62. Rxg6 Rf1 63. Ra6 Rg1+ 64. Kf4 Rf1+ 65. Ke3 Re1+ 66. Kd3 Rd1+ 67. Kc3 Ne2+ 68. Kc2 Rg1 69. Rc6+ Kb4 70. Rb6+ Kc5 71. Rb5+ Kd4 72. Rb8 Nc3 73. Re8 Nxd5 74. cxd5 Kxd5 75. Rd8+ Kc6 76. Rd2 Rg5 77. Rd3 Rc5+ 78. Rc3 Kb5 79. Rxc5+ Kxc5 1/2-1/2


[Site "https://www.chess.com"]

[Event "Titled Tuesday Blitz January 17 Early 2023"]
[White "Kuzmin, Roman"]
[Black "Dehtiarov, Roman"]
[WhiteFideId "44134932"]
[BlackFideId "14186640"]
[WhiteElo "2198"]
[BlackElo "2289"]
[Result "1-0"]
[Round "05"]
[TimeControl "180+2"]
[Date "2023.01.17"]
[WhiteClock "0:00:06"]
[BlackClock "0:00:03"]

1. e4 e5 2. Nf3 Nc6 3. Bb5 a6 4. Ba4 Nf6 5. O-O Be7 6. Re1 b5 7. Bb3 d6 8. c3 O-O 9. h3 Nb8 10. d4 Nbd7 11. Nbd2 Bb7 12. Bc2 Re8 13. Nf1 Bf8 14. Ng3 g6 15. a4 Bg7 16. Bd3 c6 17. b4 Qe7 18. Bd2 h6 19. Qb3 Kh7 20. c4 exd4 21. cxb5 axb5 22. axb5 c5 23. Rxa8 Rxa8 24. bxc5 Nxc5 25. Qc2 Nxd3 26. Qxd3 Nd7 27. Nxd4 Nc5 28. Qe3 Ra4 29. Nc6 Bxc6 30. bxc6 Ne6 31. Nf5 Qf6 32. Nxh6 Rc4 33. Ng4 Qe7 34. e5 d5 35. Qf3 Rxc6 36. Qxd5 Rc8 37. Qf3 Rd8 38. Be3 Qd7 39. Nf6+ Bxf6 40. Qxf6 Kg8 41. Bh6 Re8 42. Re3 Qe7 43. Qxe7 Rxe7 44. f4 Rd7 45. h4 Kh7 46. Bg5 Ng7 47. Bf6 Nf5 48. Re2 Rd3 49. Kf2 Rg3 50. Ra2 Rb3 51. Ra8 Ng7 52. g4 Rb2+ 53. Kf3 Rb3+ 54. Ke4 Rb4+ 55. Ke3 Rb3+ 56. Ke2 Rb2+ 57. Kd3 Rb3+ 58. Ke4 Rb4+ 59. Kd5 Rxf4 60. h5 gxh5 61. gxh5 Rxf6 62. exf6 Nxh5 63. Ke5 Kg6 64. Rg8+ Kh6 65. Rg4 Kh7 66. Kf5 Kh6 67. Rh4 Kh7 68. Rxh5+ Kg8 69. Rh6 Kf8 70. Rh8# 1-0


[Site "https://www.chess.com"]

[Event "Titled Tuesday Blitz January 17 Early 2023"]
[White "Krstulovic, Alex"]
[Black "Carnicelli, Valerio"]
[WhiteFideId "760056"]
[BlackFideId "856185"]
[WhiteElo "2428"]
[BlackElo "2370"]
[Result "0-1"]
[Round "05"]
[TimeControl "180+2"]
[Date "2023.01.17"]
[WhiteClock "0:00:01"]
[BlackClock "0:00:52"]

1. e4 e6 2. d4 d5 3. e5 c5 4. c3 Nc6 5. Nf3 Qb6 6. Be2 Bd7 7. O-O cxd4 8. cxd4 Nh6 9. Bxh6 Qxb2 10. Nbd2 gxh6 11. Rb1 Qxa2 12. Rxb7 Rb8 13. Rxb8+ Nxb8 14. Qa1 Qxa1 15. Rxa1 Nc6 16. Bb5 Bb4 17. Bxc6 Bxc6 18. Rxa7 O-O 19. Nf1 Ra8 20. Rxa8+ Bxa8 21. Ng3 Bc6 22. Nh5 Ba4 23. h3 Bc3 24. Nf6+ Kg7 25. Nh5+ Kh8 26. Nh2 Bd1 27. f3 Bxd4+ 28. Kf1 Bxe5 29. Ng4 Bg7 30. Nf4 Bc2 31. Ke2 Ba4 32. Ke3 Bb5 33. Nh5 Bf1 34. Kf2 Bd3 35. Ke3 Bg6 36. Nf4 h5 37. Nxg6+ hxg6 38. Nf2 Bf8 39. Nd3 Bd6 40. g4 e5 41. Ke2 Kg7 42. Ne1 Kf6 43. Ng2 hxg4 44. hxg4 Kg5 45. Kd3 Bc5 46. Ke2 e4 47. Ne1 Kf4 48. fxe4 dxe4 49. g5 Kxg5 50. Ng2 Kg4 51. Kf1 f5 52. Ne1 f4 53. Kg2 f3+ 54. Kf1 Kf4 55. Nc2 g5 56. Ne1 g4 57. Nc2 g3 58. Ne1 g2+ 0-1


[Site "https://www.chess.com"]

[Event "Titled Tuesday Blitz January 17 Early 2023"]
[White "Pasaribu, Ivan Maxmillian Putra"]
[Black "Klose, Eli"]
[WhiteFideId "7104219"]
[BlackFideId "16242955"]
[WhiteElo "2229"]
[BlackElo "1519"]
[Result "1/2-1/2"]
[Round "05"]
[TimeControl "180+2"]
[Date "2023.01.17"]
[WhiteClock "0:00:13"]
[BlackClock "0:00:09"]

1. e4 e6 2. d4 d5 3. Nc3 Bb4 4. e5 Ne7 5. a3 Bxc3+ 6. bxc3 b6 7. Qg4 Ng6 8. Bb5+ c6 9. Bd3 Ba6 10. h4 h5 11. Qg3 Bxd3 12. cxd3 c5 13. a4 Nc6 14. Ne2 cxd4 15. cxd4 Nce7 16. Ba3 Qd7 17. Qf3 Qxa4 18. O-O Qd7 19. g3 Nf5 20. Rfc1 Nge7 21. Qf4 g6 22. Qg5 O-O 23. f3 Rfe8 24. g4 Ng7 25. Nf4 Nc6 26. Bb2 hxg4 27. fxg4 Rac8 28. h5 Qd8 29. Qxd8 Rexd8 30. hxg6 a5 31. gxf7+ Kxf7 32. Rf1 Kg8 33. Kg2 Rf8 34. Kg3 Rf7 35. Rh1 Ne7 36. Ba3 Rc3 37. Bd6 Nc8 38. Rac1 Rxc1 39. Rxc1 Nxd6 40. exd6 Rd7 41. Rc6 Kf7 42. Rxb6 Ne8 43. Ra6 Nxd6 44. Rxa5 Rb7 45. g5 Ke7 46. g6 Nf5+ 47. Kg4 Nxd4 48. Kg5 Nf3+ 49. Kh6 Kf6 50. Nh5+ Ke5 51. g7 Rb8 52. Kh7 Ng5+ 53. Kg6 Nf3 54. Rb5 Nh4+ 55. Kh7 Rc8 56. Rb4 Nf5 57. Rg4 Nxg7 58. Kxg7 Rc3 59. Nf6 Rxd3 60. Nd7+ Kd6 61. Nf8 Rf3 62. Ng6 e5 63. Kh6 d4 64. Kg5 Kd5 65. Rg2 d3 66. Nh4 Re3 67. Kg4 Kd4 68. Nf5+ Ke4 69. Nxe3 Kxe3 70. Kf5 e4 71. Rg4 Ke2 72. Rxe4+ Kf2 73. Rd4 Ke2 74. Ke4 d2 75. Rxd2+ Kxd2 1/2-1/2


[Site "https://www.chess.com"]

[Event "Titled Tuesday Blitz January 17 Early 2023"]
[White "Niekras, Dawid"]
[Black "Sihite, Chelsie Monica Ignesias"]
[WhiteFideId "1160451"]
[BlackFideId "7101198"]
[WhiteElo "2315"]
[BlackElo "2266"]
[Result "0-1"]
[Round "05"]
[TimeControl "180+2"]
[Date "2023.01.17"]
[WhiteClock "0:00:12"]
[BlackClock "0:01:07"]

1. e4 e5 2. Nf3 Nc6 3. Bb5 a6 4. Ba4 Nf6 5. O-O b5 6. Bb3 Be7 7. Re1 O-O 8. c3 d6 9. h3 Na5 10. Bc2 c5 11. d4 Nc6 12. d5 Nb8 13. a4 b4 14. Nbd2 Nbd7 15. a5 Re8 16. Nc4 Bf8 17. Ba4 Rb8 18. Qd3 Nh5 19. Bc6 Bb7 20. cxb4 cxb4 21. Be3 Nf4 22. Bxb7 Nxd3 23. Bxa6 Nxe1 24. Rxe1 Nc5 25. Bxc5 dxc5 26. Nfxe5 Qc7 27. Nc6 Bd6 28. Nxb8 Qxb8 29. Bb5 Bh2+ 30. Kh1 Qxb5 0-1


[Site "https://www.chess.com"]

[Event "Titled Tuesday Blitz January 17 Early 2023"]
[White "Buchenau, Frank"]
[Black "Melikyan, Gnel"]
[WhiteFideId "4604350"]
[BlackFideId "54109990"]
[WhiteElo "2222"]
[BlackElo "2238"]
[Result "0-1"]
[Round "05"]
[TimeControl "180+2"]
[Date "2023.01.17"]
[WhiteClock "0:00:01"]
[BlackClock "0:00:10"]

1. e4 Nc6 2. Nf3 d6 3. d4 e5 4. dxe5 Nxe5 5. Nxe5 dxe5 6. Qxd8+ Kxd8 7. Bc4 f6 8. Be3 Bd6 9. Nd2 Ke7 10. O-O-O h5 11. Bb3 Be6 12. Nc4 Bxc4 13. Bxc4 Nh6 14. f3 Nf7 15. Rd3 a6 16. Rhd1 Rad8 17. Rb3 b5 18. Bxf7 Kxf7 19. c4 c6 20. Bb6 bxc4 21. Rc3 Rb8 22. Rxd6 Rxb6 23. Rxc4 Rc8 24. Rd7+ Kg6 25. h4 c5 26. Rd5 Rbc6 27. Kc2 R6c7 28. Rd6 Kh6 29. Rxa6 Rd8 30. Ra5 Rcd7 31. Raxc5 Rd2+ 32. Kb3 Rb8+ 33. Kc3 Rbxb2 34. a4 Rdc2+ 35. Kd3 Rxg2 36. a5 Rbd2+ 37. Kc3 Rc2+ 38. Kb3 Rb2+ 39. Ka4 Rgf2 40. Rc3 Ra2+ 41. Kb4 Rfb2+ 42. Kc4 Rh2 43. Kb5 Rxh4 44. a6 Rh1 45. R5c4 Rha1 46. Rc6 Ra5+ 47. Kb4 Rxa6 48. Rxa6 Rxa6 49. Kc5 Ra8 50. Kd5 Kg5 51. Rc1 Kf4 52. Rg1 Ra7 53. Rh1 g6 54. Ke6 Ra6+ 55. Kf7 Kxf3 56. Kxg6 Kxe4 0-1


[Site "https://www.chess.com"]

[Event "Titled Tuesday Blitz January 17 Early 2023"]
[White "Leiva, Gianmarco"]
[Black "Boder, Jan"]
[WhiteFideId "3804399"]
[BlackFideId "16243226"]
[WhiteElo "2392"]
[BlackElo "2294"]
[Result "1-0"]
[Round "05"]
[TimeControl "180+2"]
[Date "2023.01.17"]
[WhiteClock "0:00:13"]
[BlackClock "0:00:02"]

1. e4 c5 2. Nf3 Nc6 3. Bb5 e6 4. O-O Nge7 5. d4 cxd4 6. Nxd4 Nxd4 7. Qxd4 Nc6 8. Qe3 Be7 9. c4 O-O 10. Nc3 a6 11. Ba4 Bf6 12. Bxc6 Bxc3 13. Ba4 Bb4 14. Qg3 Qf6 15. e5 Qg6 16. Rd1 Qxg3 17. hxg3 f6 18. exf6 Rxf6 19. Be3 Rf7 20. c5 Ba5 21. a3 Kf8 22. Bf4 Ke8 23. Rd6 Kf8 24. Rd3 Bd8 25. Rad1 Bf6 26. b4 e5 27. Bc1 Ke8 28. Rd6 Re7 29. Bc2 g6 30. Rxf6 1-0


[Site "https://www.chess.com"]

[Event "Titled Tuesday Blitz January 17 Early 2023"]
[White "Golding, Alex"]
[Black "Sourath Biswas"]
[WhiteFideId "427241"]
[BlackFideId "35091484"]
[WhiteElo "2318"]
[BlackElo "2281"]
[Result "1/2-1/2"]
[Round "05"]
[TimeControl "180+2"]
[Date "2023.01.17"]
[WhiteClock "0:00:12"]
[BlackClock "0:00:13"]

1. e4 c6 2. d3 d5 3. Nd2 e5 4. Ngf3 Bd6 5. c4 Nf6 6. cxd5 cxd5 7. Be2 O-O 8. O-O Nc6 9. a3 h6 10. b4 a6 11. Rb1 Be6 12. Re1 b5 13. exd5 Nxd5 14. Bb2 a5 15. bxa5 Rxa5 16. Ne4 Bxa3 17. Bxa3 Rxa3 18. Qc1 Ra6 19. Rxb5 Nd4 20. Nxd4 exd4 21. Nc5 Rc6 22. Qa3 Nc3 23. Ra5 Bd5 24. Bf1 Qd6 25. Nb3 Qxa3 26. Rxa3 Bxb3 27. Rxb3 Re6 28. Ra1 Rfe8 29. f3 Re1 30. Rxe1 Rxe1 31. Kf2 Rd1 32. Rb4 Rd2+ 33. Kg1 Rd1 34. Kf2 Rd2+ 35. Kg1 Nd5 36. Rxd4 Ne3 37. Re4 Nxf1 38. Kxf1 Rxd3 39. Kf2 1/2-1/2


[Site "https://www.chess.com"]

[Event "Titled Tuesday Blitz January 17 Early 2023"]
[White "Manukian, Artak"]
[Black "Czernek, Tymon"]
[WhiteFideId "13301373"]
[BlackFideId "1199510"]
[WhiteElo "2196"]
[BlackElo "2314"]
[Result "1-0"]
[Round "05"]
[TimeControl "180+2"]
[Date "2023.01.17"]
[WhiteClock "0:00:43"]
[BlackClock "0:01:09"]

1. e4 c5 2. Nf3 d6 3. Bb5+ Nd7 4. O-O Nf6 5. Re1 a6 6. Bd3 g6 7. a4 Bg7 8. c3 O-O 9. Bc2 e5 10. d4 cxd4 11. cxd4 b6 12. dxe5 dxe5 13. Nc3 Bb7 14. Bg5 h6 15. Bh4 g5 16. Bg3 Qe7 17. h4 g4 18. Nh2 h5 19. Nf1 Rfd8 20. Qb1 Nf8 21. Ne3 Ng6 22. Nf5 Qe6 23. Ra3 Rd2 24. Bb3 Qd7 25. Qc1 Nf4 26. Bxf4 exf4 27. Bd5 Nxe4 28. Bxe4 Bxc3 29. Qxc3 1-0


[Site "https://www.chess.com"]